 Dungeon Crawl Stone Soup version 0.29.1-13-g9f3cf754e1 (webtiles) character file.

Game seed: 16056400503441484503

428047 sigtrap the Conqueror (level 22, -2/186 HPs)
             Began as a Minotaur Fighter on Jan 24, 2023.
             Was the Champion of Qazlal.
             Slain by a quicksilver ooze (15 damage)
             ... created by the Royal Jelly
             ... on level 5 of the Pits of Slime on Jan 25, 2023.
             The game lasted 01:43:17 (51035 turns).

sigtrap the Conqueror (Minotaur Fighter)           Turns: 51035, Time: 01:43:17

Health: -2/186     AC: 10    Str: 31    XL:     22   Next: 78%
Magic:  0/18       EV:  3    Int: 13    God:    Qazlal [******]
Gold:   2053       SH: 43    Dex: 11    Spells: 21/21 levels left

rFire   + . .      SeeInvis +   a - +6 war axe (vamp)
rCold   + . .      Faith    .   M - +18 shield of the Gong {rElec rN+ Will+ EV-5}
rNeg    + + .      Spirit   .   K - +8 crystal plate armour
rPois   +          Reflect  .   q - +2 hat {Will+}
rElec   +          Harm     .   d - +1 cloak
rCorr   .          Rampage  .   N - +0 pair of gloves
Will    +++..                   g - +2 pair of boots
Stlth   ..........              R - amulet of Muezil {Acrobat rF+ rN+ SInv}
HPRegen 0.41/turn               Z - ring "Eqobb" {rPois Str+2 Int+6}
MPRegen 0.16/turn               J - ring "Liqefed" {Wiz rPois rC+ Dex+2}

@: protected from physical damage, corroded, repel missiles
A: horns 2, retaliatory headbutt, see invisible, clumsy 1, deformed body, frail
2, low MP 1, screaming 1, no potion heal 1, subdued magic 1
}: 2/15 runes: serpentine, barnacled
a: Renounce Religion, Upheaval, Elemental Force, Disaster Area


You were on level 5 of the Pits of Slime.
You worshipped Qazlal.
Qazlal was exalted by your worship.
You visited 8 branches of the dungeon, and saw 42 of its levels.
You also visited: Gauntlet and Volcano.

You collected 7413 gold pieces.
You spent 5360 gold pieces at shops.

Inventory:

Hand Weapons
 a - a +6 vampiric war axe (weapon)
 v - the +3 morningstar of Feesmuf {drain, rF+ Will+}
   (You found it on level 9 of the Dungeon)

   A truly terrible weapon, it drains the life of any living foe it strikes.
   rF:        It protects you from fire.
   Will:      It increases your willpower.
Missiles
 h - 30 poisoned darts
 o - 70 boomerangs
 L - 11 javelins
 Q - 2 throwing nets
 S - 5 silver boomerangs
Armour
 b - a +4 tower shield of positive energy
 d - a +1 cloak (worn)
 g - a +2 pair of boots (worn)
 q - a +2 hat of willpower (worn)
 D - the -2 pair of boots "Ycaot" {Fly rPois rN+ Int+4}
   (You bought it in a shop on level 2 of the Shoals)

   Int:       It affects your intelligence (+4).
   rPois:     It protects you from poison.
   rN:        It protects you from negative energy.
   Fly:       It grants you flight.
 K - a +8 crystal plate armour (worn)
 M - the +18 shield of the Gong (worn) {rElec rN+ Will+ EV-5}
   (You bought it in a shop on level 2 of the Shoals)

   It is deafeningly noisy when blocking attacks.
   EV:        It affects your evasion (-5).
   rElec:     It insulates you from electricity.
   rN:        It protects you from negative energy.
   Will:      It increases your willpower.
 N - a +0 pair of gloves (worn)
Jewellery
 J - the ring "Liqefed" (right hand) {Wiz rPois rC+ Dex+2}
   (You found it in a Gauntlet)

   [ring of wizardry]

   It improves your spell success rate.
   Dex:       It affects your dexterity (+2).
   rC:        It protects you from cold.
   rPois:     It protects you from poison.
 R - the amulet of Muezil (around neck) {Acrobat rF+ rN+ SInv}
   (You acquired it on level 3 of the Lair of Beasts)

   [amulet of the acrobat]

   It increases your evasion while moving and waiting.
   rF:        It protects you from fire.
   rN:        It protects you from negative energy.
   SInv:      It lets you see invisible.
 Z - the ring "Eqobb" (left hand) {rPois Str+2 Int+6}
   (You bought it in a shop on level 2 of the Orcish Mines)

   [ring of intelligence]

   Str:       It affects your strength (+2).
   Int:       It affects your intelligence (+6).
   rPois:     It protects you from poison.
Wands
 r - a wand of iceblast (29)
 y - a wand of flame (22)
 E - a wand of mindburst (10)
 F - a wand of digging (12)
 W - a wand of polymorph (9)
 Y - a wand of paralysis (22) (quivered)
Scrolls
 e - 13 scrolls of teleportation
 k - 5 scrolls of poison
 m - 5 scrolls of magic mapping
 t - 4 scrolls of fear
 C - 6 scrolls of fog
 X - a scroll of summoning
Potions
 c - 5 potions of lignification
 f - a potion of mutation
 i - 2 potions of resistance
 l - 8 potions of haste
 n - 2 potions of heal wounds
 s - 9 potions of flight
 x - 4 potions of cancellation
 A - 16 potions of curing
 G - 2 potions of might
 I - 2 potions of berserk rage
 U - a potion of invisibility
 V - 2 potions of ambrosia
Miscellaneous
 j - a tin of tremorstones (2/2)
 u - a phantom mirror
 w - a piece from Xom's chessboard (15/15)
 z - a lightning rod (4/4)
 B - a box of beasts
 H - a phial of floods


   Skills:
 O Level 27 Fighting
 O Level 27 Axes
 + Level 21.9 Armour
 O Level 27 Shields


You had 21 spell levels left.
You didn't know any spells.
Your spell library contained the following spells:

 Spells                   Type           Power      Damage    Failure   Level
 Beastly Appendage        Tmut           0%         N/A       63%         1
 Freeze                   Ice            0%         1d3       63%         1
 Magic Dart               Conj           0%         1d3       63%         1
 Necrotise                Necr           0%         1d4       63%         1
 Sandblast                Erth           0%         2d4       63%         1
 Slow                     Hex            0%         N/A       63%         1
 Summon Small Mammal      Summ           0%         N/A       63%         1
 Blink                    Tloc           0%         N/A       77%         2
 Ensorcelled Hibernation  Hex/Ice        0%         N/A       77%         2
 Passwall                 Tmut/Erth      0%         N/A       77%         2
 Sublimation of Blood     Necr           0%         N/A       77%         2
 Wereblood                Tmut           0%         N/A       77%         2
 Call Canine Familiar     Summ           0%         N/A       92%         3
 Confusing Touch          Hex            0%         N/A       92%         3
 Conjure Flame            Conj/Fire      0%         6-21      92%         3
 Dazzling Flash           Conj/Hex       0%         N/A       92%         3
 Frozen Ramparts          Ice            0%         1d1       92%         3
 Gell's Gravitas          Tloc           0%         N/A       92%         3
 Ignite Poison            Fire/Tmut/Pois 0%         N/A       92%         3
 Inner Flame              Hex/Fire       0%         N/A       92%         3
 Lesser Beckoning         Tloc           0%         N/A       92%         3
 Ozocubu's Armour         Ice            0%         N/A       92%         3
 Portal Projectile        Hex/Tloc       0%         N/A       92%         3
 Spider Form              Tmut/Pois      0%         N/A       92%         3
 Stone Arrow              Conj/Erth      0%         3d7       92%         3
 Summon Guardian Golem    Hex/Summ       0%         N/A       92%         3
 Teleport Other           Tloc           0%         N/A       92%         3
 Tukima's Dance           Hex            0%         N/A       92%         3
 Vampiric Draining        Necr           0%         2d6       92%         3
 Anguish                  Hex/Necr       0%         N/A       100%        4
 Animate Armour           Summ/Erth      0%         N/A       100%        4
 Animate Dead             Necr           0%         N/A       100%        4
 Cause Fear               Hex            0%         N/A       100%        4
 Fulminant Prism          Conj/Hex       0%         3d6       100%        4
 Hailstorm                Conj/Ice       0%         3d3       100%        4
 Iskenderun's Mystic Bla  Conj/Tloc      0%         2d3       100%        4
 Petrify                  Tmut/Erth      0%         N/A       100%        4
 Sticky Flame             Conj/Fire      0%         2d3       100%        4
 Agony                    Necr           0%         N/A       100%        5
 Blade Hands              Tmut           0%         N/A       100%        5
 Irradiate                Conj/Tmut      0%         3d11      100%        5
 Lee's Rapid Deconstruct  Erth           0%         3d5*      100%        5
 Manifold Assault         Tloc           0%         N/A       100%        5
 Metabolic Englaciation   Hex/Ice        0%         N/A       100%        5
 Silence                  Hex/Air        0%         N/A       100%        5
 Dispersal                Tloc           0%         N/A       100%        6
 Iron Shot                Conj/Erth      0%         9d1       100%        6
 Simulacrum               Ice/Necr       0%         N/A       100%        6
 Statue Form              Tmut/Erth      0%         N/A       100%        6
 Haunt                    Necr/Summ      0%         N/A       100%        7
 Orb of Destruction       Conj           0%         9d5       100%        7
 Storm Form               Tmut/Air       0%         N/A       100%        7
 Summon Hydra             Summ           0%         N/A       100%        7
 Discord                  Hex            0%         N/A       100%        8
 Infestation              Necr           0%         N/A       100%        8
 Lehudib's Crystal Spear  Conj/Erth      0%         10d2      100%        8


Dungeon Overview and Level Annotations

Branches:
Dungeon (15/15)            Temple (0/1) D:6            Lair (5/5) D:10
 Shoals (4/4) Lair:3        Snake (4/4) Lair:2        Slime (5/5) Lair:4
    Orc (2/2) D:12            Elf (3/3) Orc:2        Vaults (0/5) D:14
 Depths (4/4) D:15            Zot (0/5) Depths:4    Volcano (visited)
Gauntlet (visited)

Altars:
Cheibriados
Dithmenos
Elyvilon
Gozag
Qazlal
Ru
Sif Muna
Trog
Wu Jian
Xom
The Shining One
Jiyva

Shops:
D:2 *   Orc:2 !*=((   Elf:1 :=:(   Elf:3 (   Shoals:2 *   Shoals:3 :
Snake:4 (

Portals:
Hell: Depths:1 Depths:2 Depths:3 Depths:4
Abyss: Depths:3 Depths:4
Pandemonium: Depths:2
Ziggurat: Depths:1

Annotations:
Snake:3 3 transporters
Slime:5 Royal Jelly


Innate Abilities, Weirdness & Mutations

You have a pair of horns on your head.
You reflexively headbutt those who attack you in melee.
You have supernaturally acute eyesight. (SInv)
You are clumsy. (Dex -2)
Armour fits poorly on your strangely shaped body.
You are very frail. (-20% HP)
Your magical capacity is low. (-10% MP)
You occasionally shout uncontrollably at your foes.
Potions are less effective at restoring your health.
Your spells are a little easier to cast, but a little less powerful.


Message History

You block the quicksilver ooze's attack.
GONNNNG!
The acid blob spits acid at you. The splash of acid hits you.
The acid corrodes you! You block the rockslime's attack.
GONNNNG!
The acid blob barely misses you. The rockslime hits you.
You feel protected from physical attacks.
You stumble backwards!
You stop ascending the stairs.
The acid blob hits you!! The acid corrodes you!
You are splashed with acid!
The quicksilver ooze hits you.
* * * LOW HITPOINT WARNING * * *
The quicksilver ooze hits you!
* * * LOW HITPOINT WARNING * * *
You feel your power leaking away.
You cannot read scrolls while unable to breathe!
You slip free of the ooze engulfing you.
You are splashed with acid!
* * * LOW HITPOINT WARNING * * *
You gasp with relief as air once again reaches your lungs.
You block the acid blob's attack.
SHROANNG!
The rockslime is engulfed in blazing flames.
Your system partially rejects the healing.
You feel much better.
You are splashed with acid!!
* * * LOW HITPOINT WARNING * * *
You block the quicksilver ooze's attack.
BOUMMMMG!
The quicksilver ooze hits you but does no damage.
A great orb of eyes comes into view.
The slime creature is struck by lightning.
The acid blob is engulfed in blazing flames.
The quicksilver ooze is engulfed in blazing flames.
You block the quicksilver ooze's attack.
BONNNG!
The quicksilver ooze hits you!
* * * LOW HITPOINT WARNING * * *
You feel your power leaking away. The quicksilver ooze hits you!
You die...

.... ....
.........
.........
........#
........##
.......0.###
........0@J###
........JJJ0.###..
..G..J..JJJJJ.....
.......J.JJ0......
.........J.J......
..................
..................
.....J............
##................
#..J.............


You could see the Royal Jelly, 9 acid blobs, an azure jelly, a great orb of
eyes, a slime creature, 2 rockslimes and 2 quicksilver oozes.

Vanquished Creatures
  2 ancient liches (Depths:4)
  Mara (Snake:3)
  Vashnia (Snake:2)
  Bai Suzhen (Depths:2)
  Frederick (Depths:4)
  Saint Roka (Elf:3)
  3 caustic shrikes (Depths:4)
  the Enchantress (Depths:1)
  Rupert (D:15)
  A titan (Depths:4)
  5 deep elf blademasters
  2 liches
  A deep elf master archer (Elf:3)
  10 acid blobs
  Kirke (Snake:3)
  3 sphinxes
  9 nagarajas
  2 fire giants
  6 tengu reavers
  5 rockslimes
  13 azure jellies
  Donald (Snake:2)
  7 frost giants
  A draconian knight (Depths:4)
  12 deep elf sorcerers
  Aizul (Snake:2)
  4 iron dragons
  12 quicksilver oozes
  The ghost of Gutwoarch the Covert, a journeyman GnDe of Gozag (Lair:4)
  6 deep elf elementalists
  3 spriggan defenders (Depths:1)
  4 caustic shrike skeletons
  4 juggernaut skeletons (Depths:2)
  18 very ugly things
  8 stone giants
  4 vampire knights
  6 deep elf demonologists (Elf:3)
  An entropy weaver (Depths:4)
  Azrael (Elf:1)
  8 deep elf annihilators
  A minotaur (Gauntlet)
  4 ettins
  9 spark wasps
  4 deep elf death magi (Elf:3)
  5 merfolk javelineers (Shoals:4)
  An ettin (shapeshifter) (Depths:4)
  A great orb of eyes (shapeshifter) (Depths:3)
  The ghost of AverageBear the Cleaver, a journeyman FoFi of Gozag (D:12)
  8 merfolk impalers
  9 great orbs of eyes
  The ghost of javelincjr the Thaumaturge, a journeyman DsFE of Sif Muna (D:12)
  4 deep elf high priests (Elf:3)
  9 fire dragons
  8 vault guards (D:14)
  4 rakshasas
  2 salamander tyrants (Snake:4)
  9 hydras
  10 naga warriors
  6 boulder beetles
  6 merfolk avatars
  5 ice dragons
  7 anacondas
  2 quicksilver dragon skeletons (Depths:2)
  3 spriggan air magi
  5 two-headed ogres
  2 spriggan skeletons (Depths:2)
  An alligator snapping turtle (Shoals:3)
  An ogre mage (D:15)
  3 catoblepae
  3 centaur warriors
  5 merfolk aquamancers
  5 deep troll shamans
  27 dancing weapons
  8 vampire magi
  11 tengu warriors
  8 death yaks
  4 orc high priests
  5 deep troll earth magi
  17 naga sharpshooters
  A spriggan berserker (Depths:4)
  3 hell knights
  Sonja (Lair:3)
  11 deep elf knights
  8 shock serpents
  The ghost of SirLogeyBear the Cleaver, a novice HOBe of Trog (D:8)
  4 salamander mystics
  A titan skeleton (Depths:2)
  A soul eater (Depths:2)
  26 skeletal warriors
  2 spark wasp zombies (Depths:4)
  2 glowing orange brains (shapeshifter)
  4 glowing orange brains
  7 iron trolls
  15 sea snakes
  5 necromancers
  13 deep trolls
  3 wizards
  4 deep elf archers
  6 naga ritualists
  2 wolf spider zombies (D:13)
  37 ugly things
  6 orc knights (Orc:2)
  23 deep elf zephyrmancers
  11 shining eyes
  12 manticores
  9 orc sorcerers
  A shadow dragon skeleton (Depths:2)
  3 tengu skeletons (Depths:2)
  31 deep elf pyromancers
  9 harpies
  7 mana vipers
  15 salamanders
  9 cyclopes
  A sphinx skeleton (Depths:2)
  A moth of wrath (D:8)
  6 fauns (Shoals:2)
  10 merfolk sirens
  3 fire giant skeletons (Depths:2)
  2 rust devils (Depths:2)
  20 elephants (Lair:5)
  6 guardian serpents
  An iron dragon skeleton (Depths:2)
  11 water nymphs
  11 centaur zombies (D:13)
  34 black mambas
  15 naga magi
  A molten gargoyle (Volcano)
  21 cane toads
  6 gargoyles
  A hellion (Depths:2)
  2 efreet
  2 unseen horrors (D:12)
  3 kobold demonologists
  3 ice devils (Depths:2)
  A rime drake (Lair:1)
  2 hellwings (Depths:2)
  7 komodo dragons
  12 tengu conjurers
  36 merfolk
  A wind drake (shapeshifter) (D:15)
  9 trolls
  A meliai (D:10)
  5 polar bears
  5 wind drakes
  93 slime creatures
  12 snapping turtles
  9 hornets
  22 blink frogs
  7 dream sheep
  15 flying skulls (Depths:2)
  A centaur simulacrum (D:15)
  2 vampires (D:13)
  8 shadows
  4 wyverns
  21 water elementals
  2 air elementals (Elf:2)
  5 fire elementals
  An ettin skeleton (Depths:2)
  17 spriggans
  27 yaks
  6 wraiths
  4 basilisks
  6 fire bats (Volcano)
  3 hogs
  A chaos spawn (Depths:2)
  6 golden eyes
  2 vampire mosquitoes (D:14)
  A steam dragon (D:8)
  2 acid dragons
  4 wargs
  3 hell hounds (Elf:1)
  52 nagas
  20 water moccasins
  24 orc warriors
  5 glowing shapeshifter skeletons (Depths:2)
  3 ice beasts
  2 sky beasts
  9 black bears
  5 boggarts (Lair:5)
  9 ogres
  29 wolves
  9 centaurs
  4 phantoms
  7 earth elementals
  12 bullfrogs
  2 scorpions
  3 gnoll sergeants
  2 necrophages (D:5)
  9 wights (D:9)
  7 killer bees
  2 electric eels
  2 howler monkeys
  A vampire bat (Lair:1)
  4 lava snakes (Volcano)
  4 jellies
  3 hounds (D:6)
  A gnoll bouda (D:7)
  24 orc priests
  6 iguanas
  32 orc wizards
  Natasha (thrice) (D:2)
  21 gnolls
  13 adders
  2 shadow imps
  15 white imps
  An ufetubus (D:5)
  2 worms (D:2)
  2 dart slugs
  76 orcs
  5 ball pythons
  3 endoplasms
  9 goblins
  4 hobgoblins
  10 jackals
  9 kobolds
  4 quokkas
  11 bats
  7 frilled lizards
  4 rats
  A butterfly (Lair:2)
1706 creatures vanquished.

Vanquished Creatures (collateral kills)
  The ghost of sigtrap the Blocker, a journeyman GnFi of Qazlal (D:12)
  The ghost of Qeuwav the Cleaver, a journeyman HOFi of Okawaru (D:12)
2 creatures vanquished.

Vanquished Creatures (others)
  Asterion (Snake:2)
  A vampire knight (Depths:4)
  A naga warrior (Snake:3)
  A dancing weapon (Elf:2)
  A deep elf zephyrmancer (Elf:1)
  A merfolk (Shoals:4)
  A water elemental (Elf:2)
  28 fungi
  36 plants
  A withered plant (D:13)
72 creatures vanquished.

Grand Total: 1780 creatures vanquished

Notes
Turn   | Place    | Note
-------+----------+-------------------------------------------
     0 | D:1      | sigtrap the Minotaur Fighter began the quest for the Orb.
     0 | D:1      | Reached XP level 1. HP: 19/19 MP: 0/0
    95 | D:1      | Noticed an eye of devastation
    97 | D:1      | Found a faded altar of an unknown god.
   103 | D:1      | Noticed a floating eye
   108 | D:1      | Noticed a golden eye
   108 | D:1      | Noticed a shining eye
   117 | D:1      | Reached XP level 2. HP: 27/27 MP: 1/1
   732 | D:1      | Prayed at the altar of an unknown god.
   732 | D:1      | Became a worshipper of Qazlal Stormbringer
   732 | D:1      | Reached * piety under Qazlal
   749 | D:2      | Reached XP level 3. HP: 33/33 MP: 2/2
   759 | D:2      | Found Boylaq's Assorted Antiques.
   767 | D:2      | Bought a scroll labelled DEDDAH IPISK for 25 gold pieces
   767 | D:2      | Bought a scroll of identify for 50 gold pieces
   945 | D:2      | Reached XP level 4. HP: 41/41 MP: 3/3
  1029 | D:2      | Noticed Natasha
  1031 | D:2      | Killed Natasha
  1253 | D:2      | Reached XP level 5. HP: 47/47 MP: 4/4
  1270 | D:2      | Reached ** piety under Qazlal
  1378 | D:2      | Noticed Natasha
  1392 | D:2      | Killed Natasha
  1399 | D:2      | Noticed Natasha
  1408 | D:2      | Killed Natasha
  1569 | D:2      | Gained mutation: You are partially covered in large bone
                  | plates. (SH +4) [potion of mutation]
  1569 | D:2      | Gained mutation: Your mind is acute. (Int +4, Str/Dex -1)
                  | [potion of mutation]
  1569 | D:2      | Gained mutation: Your spells are a little harder to cast,
                  | but a little more powerful. [potion of mutation]
  1733 | D:3      | Reached skill level 5 in Armour
  1977 | D:3      | Reached skill level 5 in Fighting
  2012 | D:3      | Reached skill level 5 in Shields
  2350 | D:4      | Reached XP level 6. HP: 56/56 MP: 5/5
  2758 | D:5      | Entered Level 5 of the Dungeon
  2814 | D:5      | Reached skill level 5 in Axes
  2814 | D:5      | Reached XP level 7. HP: 62/62 MP: 6/6
  3278 | D:5      | Found a snail-covered altar of Cheibriados.
  3489 | D:5      | Reached XP level 8. HP: 66/71 MP: 7/7
  3562 | D:6      | Found an opulent altar of Gozag.
  3879 | D:6      | Noticed a gargoyle
  3891 | D:6      | Killed a gargoyle
  4220 | D:6      | Found a staircase to the Ecumenical Temple.
  4320 | D:6      | Reached *** piety under Qazlal
  4700 | D:6      | Reached XP level 9. HP: 81/81 MP: 8/8
  4733 | D:6      | Found a white marble altar of Elyvilon.
  5301 | D:7      | Found a bloodstained altar of Trog.
  5531 | D:7      | Found the amulet of Elemental Vulnerability {rPois rF--
                  | rC-- AC+8}
  6035 | D:8      | Reached **** piety under Qazlal
  6224 | D:8      | Found a transporter.
  6228 | D:8      | Noticed a moth of wrath
  6240 | D:8      | Noticed SirLogeyBear's ghost (novice HOBe)
  6254 | D:8      | Found a transporter.
  6871 | D:8      | Reached XP level 10. HP: 50/91 MP: 9/9
  6871 | D:8      | Killed a moth of wrath
  6876 | D:8      | Killed SirLogeyBear's ghost
  7107 | D:9      | Identified the +3 morningstar of Feesmuf {drain, rF+ Will+}
  7184 | D:9      | Reached skill level 10 in Fighting
  7184 | D:9      | Reached skill level 10 in Armour
  7184 | D:9      | Reached skill level 10 in Shields
  7916 | D:9      | Reached skill level 10 in Axes
  8373 | D:10     | Entered Level 10 of the Dungeon
  8375 | D:10     | Noticed a two-headed ogre
  8383 | D:10     | Killed a two-headed ogre
  8420 | D:10     | Reached ***** piety under Qazlal
  8421 | D:10     | Reached XP level 11. HP: 96/101 MP: 10/10
  8437 | D:10     | Found a staircase to the Lair.
  8865 | D:10     | Found a shadowy altar of Dithmenos.
  8869 | D:10     | Found a sacrificial altar of Ru.
  9273 | D:10     | Found an ornate altar of the Wu Jian Council.
  9304 | D:10     | Found a shimmering altar of Xom.
  9544 | D:11     | Noticed a boulder beetle
  9548 | D:11     | Noticed a skeletal warrior
  9548 | D:11     | Noticed a skeletal warrior
  9556 | D:11     | Noticed a skeletal warrior
  9557 | D:11     | Noticed a skeletal warrior
  9562 | D:11     | Noticed a skeletal warrior
  9572 | D:10     | Killed a skeletal warrior
  9752 | D:10     | Killed a skeletal warrior
  9767 | D:10     | Killed a boulder beetle
  9846 | D:11     | Noticed a boulder beetle
  9857 | D:10     | Killed a skeletal warrior
  9859 | D:10     | Killed a skeletal warrior
 10101 | D:11     | Noticed a white ugly thing
 10101 | D:11     | Noticed a white ugly thing
 10234 | D:10     | Killed a white ugly thing
 10239 | D:10     | Killed a red ugly thing
 10254 | D:10     | Killed a boulder beetle
 10699 | D:11     | Killed a skeletal warrior
 10700 | D:11     | Reached XP level 12. HP: 12/113 MP: 11/11
 11081 | D:11     | Noticed a boulder beetle
 11097 | D:11     | Killed a boulder beetle
 12022 | D:12     | Noticed a boulder beetle
 12040 | D:12     | Killed a boulder beetle
 12213 | D:12     | Found a staircase to the Orcish Mines.
 12380 | D:12     | Found a runed translucent gate.
 12380 | D:12     | Found a runed translucent gate.
 12380 | D:12     | Found a runed translucent gate.
 12381 | D:12     | Noticed Qeuwav's ghost (journeyman HOFi)
 12382 | D:12     | Noticed AverageBear's ghost (journeyman FoFi)
 12382 | D:12     | Noticed javelincjr's ghost (journeyman DsFE)
 12383 | D:12     | Noticed sigtrap's ghost (journeyman GnFi)
 12481 | D:12     | Found the +5 robe of Night {Dark Will+ SInv}
 12621 | D:12     | Noticed a four-headed hydra
 12622 | D:12     | Noticed a fire dragon
 12624 | D:12     | Noticed a tengu warrior
 12630 | D:12     | Killed a fire dragon
 12630 | D:12     | Noticed a boulder beetle
 12633 | D:12     | Killed an eight-headed hydra
 12637 | D:12     | Killed a tengu warrior
 12649 | D:12     | Reached XP level 13. HP: 92/123 MP: 12/12
 13130 | D:12     | Killed Qeuwav's ghost
 13133 | D:12     | Killed sigtrap's ghost
 13133 | D:12     | Reached ****** piety under Qazlal
 13135 | D:12     | Killed javelincjr's ghost
 13138 | D:12     | Killed AverageBear's ghost
 13341 | D:2      | Bought a scroll of teleportation for 75 gold pieces
 13341 | D:2      | Bought a scroll of teleportation for 75 gold pieces
 13341 | D:2      | Bought a potion of might for 100 gold pieces
 13660 | D:13     | Found a gate leading to a gauntlet.
 13665 | Gauntlet | Entered a Gauntlet
 13665 | Gauntlet | Found a transporter.
 13665 | Gauntlet | Found a transporter.
 13995 | Gauntlet | Found a transporter.
 13996 | Gauntlet | Found a transporter.
 14004 | Gauntlet | Found a transporter.
 14008 | Gauntlet | Found a transporter.
 14012 | Gauntlet | Found a runed translucent door.
 14014 | Gauntlet | Found a runed translucent door.
 14016 | Gauntlet | Found a transporter.
 14029 | Gauntlet | Found a transporter.
 14048 | Gauntlet | Found a transporter.
 14052 | Gauntlet | Found a transporter.
 14063 | Gauntlet | Found a transporter.
 14064 | Gauntlet | Found a transporter.
 14211 | Gauntlet | Identified the ring "Liqefed" {Wiz rPois rC+ Dex+2}
 14231 | Gauntlet | Noticed a minotaur
 14241 | Gauntlet | Killed a minotaur
 14591 | D:13     | Reached skill level 15 in Fighting
 14591 | D:13     | Reached skill level 15 in Shields
 14669 | D:13     | Reached skill level 15 in Armour
 14690 | D:13     | Reached XP level 14. HP: 118/135 MP: 13/13
 15253 | D:14     | Reached skill level 15 in Axes
 15939 | D:14     | Found a gate to the Vaults.
 16253 | D:15     | Entered Level 15 of the Dungeon
 16305 | D:15     | Noticed Rupert
 16321 | D:15     | Killed Rupert
 17626 | D:15     | Found a staircase to the Depths.
 17864 | Lair:1   | Entered Level 1 of the Lair of Beasts
 18667 | Lair:2   | Reached XP level 15. HP: 136/145 MP: 14/14
 18966 | Lair:2   | Found a staircase to the Snake Pit.
 19421 | Lair:3   | Found a staircase to the Shoals.
 19481 | Lair:3   | Noticed Sonja
 19484 | Lair:3   | Killed Sonja
 20137 | Lair:3   | Identified a scroll of acquirement
 20137 | Lair:3   | Acquired the amulet of Muezil {Acrobat rF+ rN+ SInv}
 20681 | Lair:4   | Found a staircase to the Slime Pits.
 20958 | Lair:4   | Found a runed translucent gate.
 20958 | Lair:4   | Found a runed translucent gate.
 20959 | Lair:4   | Found a runed translucent gate.
 20961 | Lair:4   | Noticed Gutwoarch's ghost (journeyman GnDe)
 20984 | Lair:4   | Gained mutation: You have hidden genetic defects.
                  | [mutagenic glow]
 21002 | Lair:4   | Killed Gutwoarch's ghost
 21383 | Lair:5   | Entered Level 5 of the Lair of Beasts
 21652 | Lair:5   | Gained mutation: You occasionally shout uncontrollably at
                  | your foes. [hidden defects]
 22188 | Lair:5   | Gained mutation: You occasionally lose the ability to read
                  | scrolls when taking damage. [hidden defects]
 22188 | Lair:5   | Lost mutation: You have hidden genetic defects. [hidden
                  | defects expressed]
 22202 | Lair:5   | Reached XP level 16. HP: 125/157 MP: 15/15
 23009 | Orc:1    | Entered Level 1 of the Orcish Mines
 23129 | Orc:1    | Found a dark tunnel.
 23160 | Volcano  | Entered a volcano
 23316 | Volcano  | Found a bloodstained altar of Trog.
 23655 | Orc:2    | Entered Level 2 of the Orcish Mines
 23655 | Orc:2    | Found a staircase to the Elven Halls.
 23735 | Orc:2    | Found Bolofija's Distillery.
 24304 | Orc:2    | Found Ciats's Antique Weapon Boutique.
 24309 | Orc:2    | Found Worphuozo's Jewellery Emporium.
 24316 | Orc:2    | Found Hilour's Assorted Antiques.
 24318 | Orc:2    | Found Widghyw's Weapon Boutique.
 24324 | Orc:2    | Bought a scroll of enchant weapon for 232 gold pieces
 24324 | Orc:2    | Bought a scroll of fear for 124 gold pieces
 24324 | Orc:2    | Bought a potion of curing for 93 gold pieces
 24384 | Orc:2    | Bought a potion of might for 48 gold pieces
 24384 | Orc:2    | Bought a potion of curing for 36 gold pieces
 24384 | Orc:2    | Bought a potion of invisibility for 96 gold pieces
 24384 | Orc:2    | Bought a potion of brilliance for 48 gold pieces
 24384 | Orc:2    | Bought a potion of ambrosia for 96 gold pieces
 24384 | Orc:2    | Bought a potion of haste for 120 gold pieces
 24445 | Orc:2    | Bought the ring "Eqobb" {rPois Str+2 Int+6} for 616 gold
                  | pieces
 24822 | Snake:1  | Entered Level 1 of the Snake Pit
 25412 | Snake:1  | Lost mutation: You occasionally shout uncontrollably at
                  | your foes. [potion of mutation]
 25412 | Snake:1  | Lost mutation: Your spells are a little harder to cast, but
                  | a little more powerful. [potion of mutation]
 25412 | Snake:1  | Lost mutation: You occasionally lose the ability to read
                  | scrolls when taking damage. [potion of mutation]
 25412 | Snake:1  | Lost mutation: Your mind is acute. (Int +4, Str/Dex -1)
                  | [potion of mutation]
 25412 | Snake:1  | Lost mutation: You are partially covered in large bone
                  | plates. (SH +4) [potion of mutation]
 25555 | Snake:2  | Noticed Vashnia
 25635 | Snake:2  | Killed Vashnia
 25868 | Snake:2  | Noticed Asterion
 25879 | Snake:2  | Killed Asterion
 25926 | Snake:2  | Noticed Donald
 25938 | Snake:2  | Killed Donald
 26203 | Snake:2  | Noticed Aizul
 26228 | Snake:2  | Killed Aizul
 26399 | Snake:2  | Found a shimmering altar of Xom.
 26577 | Snake:3  | Reached XP level 17. HP: 163/166 MP: 16/16
 26598 | Snake:3  | Found a transporter.
 26639 | Snake:3  | Found a transporter.
 26669 | Snake:3  | Noticed Mara
 26672 | Snake:3  | Noticed sigtrap's illusion
 26722 | Snake:3  | Noticed sigtrap's illusion
 26802 | Snake:3  | Killed Mara
 26819 | Snake:3  | Noticed Kirke
 27135 | Snake:3  | Killed Kirke
 27345 | Snake:3  | Found a transporter.
 27381 | Snake:3  | Found a transporter.
 27544 | Snake:3  | Found a transporter.
 28147 | Snake:4  | Entered Level 4 of the Snake Pit
 29331 | Snake:4  | Got a serpentine rune of Zot
 29747 | Snake:4  | Identified the +3 leather armour of Space {Will+}
 29842 | Snake:4  | Found Umoerus's Weapon Emporium.
 30087 | Snake:4  | Identified the +0 leather armour of Lifelessness {Fly rF+
                  | Str-3 Dex+3}
 30118 | Snake:4  | Acquired 1074 gold pieces
 30460 | Elf:1    | Entered Level 1 of the Elven Halls
 30499 | Elf:1    | Noticed Azrael
 30519 | Elf:1    | Killed Azrael
 30568 | Elf:1    | Reached XP level 18. HP: 174/178 MP: 17/17
 31189 | Elf:1    | Got the Exposition on Outbursts
 31227 | Elf:1    | Found Niabaw's Weapon Boutique.
 31602 | Elf:1    | Found Itewual's Book Shop.
 31603 | Elf:1    | Found Keeqeat's Jewellery Shoppe.
 31604 | Elf:1    | Found Niemeh's Book Shop.
 31621 | Elf:1    | Bought the amulet of Zous Jopn {rPois rN+ Regen+} for 771
                  | gold pieces
 31774 | Elf:2    | Paralysed by an air elemental for 1 turns
 32115 | Elf:2    | Found a runed translucent gate.
 32115 | Elf:2    | Found a runed translucent gate.
 32115 | Elf:2    | Found a runed translucent gate.
 32142 | Elf:2    | HP: 7/180 [deep elf knight/lance of force (28)]
 32163 | Elf:2    | HP: 8/180 [orc sorcerer/bolt of fire (11)]
 32843 | Elf:2    | Paralysed by an air elemental for 1 turns
 32848 | Elf:2    | Paralysed by an air elemental for 1 turns
 33870 | Elf:3    | Entered Level 3 of the Elven Halls
 33901 | Elf:3    | Noticed Saint Roka
 33926 | Elf:3    | Killed Saint Roka
 34214 | Elf:2    | Found a shimmering blue altar of Sif Muna.
 34302 | Elf:3    | HP: 6/184 [deep elf sorcerer/damnation (20)]
 35317 | Elf:3    | Noticed a Hell Sentinel
 35372 | Elf:3    | Reached XP level 19. HP: 180/193 MP: 18/18
 35557 | Elf:3    | Identified the +6 flail of Diucvar {speed, rElec rCorr
                  | Dex-3 Stlth+}
 35780 | Elf:3    | Identified the +9 halberd "Dragon's Tongue" {speed, *Slow
                  | rPois rF++ rN+}
 35780 | Elf:3    | Identified the ring of Itsack {Fire rPois Str+8 Int-3
                  | Dex+4}
 35805 | Elf:3    | Identified the +6 spear "Xybreg" {freeze, rN+ Str+2}
 35828 | Elf:3    | Identified the +3 leather armour "Wutiuc" {Harm Int+2}
 35829 | Elf:3    | Identified the +6 quarterstaff of Uteikain {protect, Int+3}
 35837 | Elf:3    | Got the Writings on the Entrancing Retinue
 35856 | Elf:3    | Identified the +1 scale mail of Midsummer {Str+7}
 35863 | Elf:3    | Identified the +6 falchion of Gluttony {pain, rElec Will+}
 35871 | Elf:3    | Got the Compilation of Spellbinding
 35881 | Elf:3    | Identified the +6 dagger "Fish" {drain, Fragile rF++ Int+2
                  | SInv}
 36181 | Elf:3    | Found Foicayf's Weapon Shoppe.
 36779 | Shoals:1 | Entered Level 1 of the Shoals
 37043 | Depths:1 | Entered Level 1 of the Depths
 37184 | Depths:1 | Found a gateway to Hell.
 37338 | Depths:1 | Noticed the Enchantress
 37394 | Depths:1 | Killed the Enchantress
 37414 | Depths:1 | You fall into a shaft and drop 1 floor!
 37522 | Depths:2 | Noticed Bai Suzhen
 37549 | Depths:2 | Killed Bai Suzhen
 37754 | Depths:2 | Reached XP level 20. HP: 203/214 MP: 19/19
 38026 | Depths:2 | Reached skill level 27 in Fighting
 38561 | Depths:1 | Found a one-way gateway to a ziggurat.
 39584 | Depths:2 | Gained mutation: Your spells are a little easier to cast,
                  | but a little less powerful. [a shining eye]
 39689 | Depths:2 | Found a viscous altar of Jiyva.
 39702 | Depths:2 | Gained mutation: You are frail. (-10% HP) [a shining eye]
 39799 | Depths:2 | Found a one-way gate leading to the halls of Pandemonium.
 40486 | Depths:3 | Found a one-way gate to the infinite horrors of the Abyss.
 40533 | Depths:3 | Found a glowing golden altar of the Shining One.
 41302 | Depths:4 | Entered Level 4 of the Depths
 41331 | Depths:4 | Reached XP level 21. HP: 197/201 MP: 20/20
 41433 | Depths:4 | Paralysed by a great orb of eyes for 5 turns
 41678 | Depths:4 | Identified the +9 halberd "Kohuurep" {spect, rF++}
 41692 | Depths:4 | Noticed an ancient lich
 41723 | Depths:4 | Killed an ancient lich
 42073 | Depths:4 | Noticed a caustic shrike
 42082 | Depths:4 | Killed a caustic shrike
 42102 | Depths:4 | Noticed an ancient lich
 42119 | Depths:4 | Killed an ancient lich
 42444 | Depths:4 | Reached skill level 27 in Axes
 42529 | Depths:4 | Noticed a caustic shrike
 42537 | Depths:4 | Killed a caustic shrike
 42751 | Depths:4 | Noticed a caustic shrike
 42765 | Depths:4 | Noticed Frederick
 43162 | Depths:4 | Killed a caustic shrike
 43181 | Depths:4 | Killed Frederick
 43213 | Depths:4 | Paralysed by a vampire knight for 4 turns
 43488 | Depths:4 | Found a gate to the Realm of Zot.
 43524 | Depths:4 | Got Umojif's Treatise on the Barrage
 44943 | Shoals:2 | Found Gegoluo's Assorted Antiques.
 44951 | Shoals:2 | Bought a pair of dazzling boots for 228 gold pieces
 44951 | Shoals:2 | Identified the -2 pair of boots "Ycaot" {Fly rPois rN+
                  | Int+4} (You bought it in a shop on level 2 of the Shoals)
 44951 | Shoals:2 | Bought the +18 shield of the Gong {rElec rN+ Will+ EV-5}
                  | for 2335 gold pieces
 44951 | Shoals:2 | Found the +18 shield of the Gong {rElec rN+ Will+ EV-5}
 45007 | Shoals:2 | Reached XP level 22. HP: 209/209 MP: 21/21
 46055 | Shoals:3 | Found Tisoh's Vocational Training.
 46059 | Shoals:3 | Identified the +5 dagger "Butause" {antimagic, Will+ Str+6}
 46726 | Shoals:3 | Acquired 865 gold pieces
 46738 | Shoals:4 | Entered Level 4 of the Shoals
 46775 | Shoals:4 | Identified the +6 scale mail "Boqug" {Rampage +Inv rElec
                  | Dex-2}
 47121 | Shoals:4 | Identified the +5 ring mail "Wosos" {*Slow rElec rC+ Int+6}
 47556 | Shoals:4 | Identified the +0 robe of Wasted Space {rPois rF+++ SInv}
 47732 | Shoals:4 | Got a barnacled rune of Zot
 47921 | Slime:1  | Entered Level 1 of the Pits of Slime
 48689 | Slime:2  | Reached skill level 27 in Shields
 48908 | Slime:3  | Gained mutation: You are very frail. (-20% HP) [a shining
                  | eye]
 49031 | Slime:2  | Gained mutation: You sometimes lose your temper in combat.
                  | [a shining eye]
 49130 | Slime:3  | Lost mutation: You sometimes lose your temper in combat.
                  | [potion of mutation]
 49130 | Slime:3  | Lost mutation: Your spells are a little easier to cast, but
                  | a little less powerful. [potion of mutation]
 49130 | Slime:3  | Lost mutation: You are very frail. (-20% HP) [potion of
                  | mutation]
 49130 | Slime:3  | Gained mutation: You passively dampen the noise of your
                  | surroundings. [potion of mutation]
 49130 | Slime:3  | Gained mutation: You occasionally lose the ability to drink
                  | potions when taking damage. [potion of mutation]
 49131 | Slime:3  | Lost mutation: You passively dampen the noise of your
                  | surroundings. [potion of mutation]
 49131 | Slime:3  | Lost mutation: You occasionally lose the ability to drink
                  | potions when taking damage. [potion of mutation]
 49131 | Slime:3  | Gained mutation: You are clumsy. (Dex -2) [potion of
                  | mutation]
 49131 | Slime:3  | Gained mutation: You have supernaturally acute eyesight.
                  | (SInv) [potion of mutation]
 49170 | Slime:2  | Gained mutation: Potions are less effective at restoring
                  | your health. [a shining eye]
 49174 | Slime:2  | Gained mutation: Your magical capacity is low. (-10% MP) [a
                  | shining eye]
 50126 | Slime:4  | Found a viscous altar of Jiyva.
 50214 | Slime:5  | Entered Level 5 of the Pits of Slime
 50229 | Slime:5  | Gained mutation: You are very frail. (-20% HP) [a shining
                  | eye]
 50231 | Slime:5  | Noticed the Royal Jelly
 50234 | Slime:5  | Gained mutation: Armour fits poorly on your strangely
                  | shaped body. [a shining eye]
 50235 | Slime:5  | Gained mutation: You occasionally shout uncontrollably at
                  | your foes. [a shining eye]
 50577 | Slime:4  | Gained mutation: Your spells are a little easier to cast,
                  | but a little less powerful. [a shining eye]
 50893 | Shoals:2 | Bought a potion of mutation for 192 gold pieces
 51035 | Slime:5  | Slain by a quicksilver ooze

Illustrated notes

Levels and vault maps discovered:
D:1:      kennysheep_arrival_forest, layout_basic,
          hellmonk_ecumenical_altar_watching_god
D:2:      layout_basic, serial_shops, shop_fountains, uniq_natasha
D:3:      layout_loops_cross, supply_closet_lemuel
D:4:      layout_rooms
D:5:      layout_loops_cross, kennysheep_mini_moat, kennysheep_generic_room_7
D:6:      minmay_opposing_rooms, layout_cave_pools,
          nicolae_elyvilon_temple_path, old_standard_altar,
          minmay_temple_entry_tees, minmay_misc_feat_rugged
D:7:      layout_cave_pools, mainiacjoe_overflow_boulevard
D:8:      layout_loops_ring, gammafunk_ghost_berserking_beasts
D:9:      layout_basic, corexii_corridor_pit, hangedman_abyss_or_decor_stabs,
          grunt_ministairs_7
D:10:     layout_layer_cave, grunt_dithmenos_smoke_and_mirrors,
          nicolae_ru_awakened_eye, mainiacjoe_overflow_two_lobes,
          david_lair_generic
D:11:     minmay_bloctagon, layout_basic, minmay_crystal_room
D:12:     minmay_triangles_in_corner, layout_long_grid, erik_orc_3,
          gammafunk_ghost_cemetery, hellmonk_guarded_unrand_night
D:13:     layout_irregular_city, portal_ice_cave_entry_imps, serial_undead,
          serial_undead_f, serial_undead_a, serial_undead_b, serial_undead_d,
          serial_undead_e, serial_undead_d, serial_undead_b, serial_undead_b,
          gauntlet_entry_generic
D:14:     layout_roguey, erik_vaults_2, amcnicky_mini_rare_corridor_liquid
D:15:     gammafunk_enter_depths_forms, layout_long_grid,
          hangedman_abyss_or_decor_lesser_grid, chequers_serial_rivers_small_a,
          uniq_rupert
Lair:1:   layout_loops_ring, roderic_batcave, grunt_megastairs_2
Lair:2:   layout_loops_ring, dummy_snake_entry, lemuel_fruit_tree,
          lemuel_fruit_fields
Lair:3:   layout_regular_city, elwin_shoals_entry_rocks,
          dreamdust_mushroom_princess, grunt_megastairs_1, uniq_sonja
Lair:4:   layout_regular_city, dpeg_slime_entry_enclosed,
          ebering_ghost_rock_garden
Lair:5:   minmay_lair_end_enchanted_forest, layout_misc_corridors,
          infiniplex_staircase_pool_2
Shoals:1: layout_shoals
Shoals:2: layout_shoals, serial_shops, shop, overgrown_hall
Shoals:3: layout_shoals, nicolae_shop_vocational
Shoals:4: shoals_end_grunt_ice, layout_shoals,
          nicolae_shoals_arrival_archipelago
Snake:1:  layout_misc_corridors, serial_bayou_shore_a
Snake:2:  layout_rooms, basic_altar, st_stairs_3, grunt_megastairs_3,
          serial_bayou_shore_b, uniq_aizul, uniq_vashnia, uniq_asterion,
          uniq_donald
Snake:3:  gammafunk_the_bubble [the_bubble_gammafunk_roulette],
          layout_grid_maze, st_stairs_11, uniq_kirke, uniq_mara
Snake:4:  johnstein_snake_rune_scales, layout_cave_pods, serial_shops,
          nicolae_shop_temple_entry_statues_fountains
Slime:1:  layout_caves, cheibrodos_slime_lost_civilization_4
Slime:2:  layout_caves
Slime:3:  layout_caves
Slime:4:  layout_caves, basic_altar
Slime:5
Orc:1:    layout_caves, nicolae_volcano_entry_lava_flow
Orc:2:    st_orc_elflike, layout_caves, serial_shops, shop
Elf:1:    eino_elf_arrival_the_gate, layout_loops_corners, serial_shops,
          shop_fountains, minmay_elf_annihilation, minmay_shop_grove,
          uniq_azrael
Elf:2:    nicolae_elf_blades_crystal_corner, layout_gridlike,
          lemuel_upstairs_altar
Elf:3:    minmay_elf_hall_four_x, layout_gridlike, serial_shops, shop,
          uniq_saint_roka
Depths:1: layout_basic, enter_ziggurat_b, pf_coc_iceberg,
          minmay_misc_feat_ornament, hangedman_cracks_in_the_wall,
          uniq_enchantress
Depths:2: minmay_skeleton_keep, layout_cave_pools,
          hangedman_abyss_or_decor_slice, special_room [special_room_jelly],
          grunt_pan_entry_spiral, hell_entry, firewood_loft, uniq_bai_suzhen
Depths:3: cheibrodos_birdhouse, layout_basic, abyss_entry, tso_metal_star,
          grunt_hell_entry_dis_grunt
Depths:4: hangedman_pleasuredromes, abyss_entry, hell_entry, uniq_frederick

Skill      XL: |  1  2  3  4  5  6  7  8  9 10 11 12 13 14 15 16 17 18 19 20 21 22 |
---------------+-------------------------------------------------------------------+-----
Armour         | 4 5 6 7 9 10 12 13 15 16 17 18 20 21 | 21.9
Fighting       | 4 5 6 7 9 10 12 13 15 16 17 18 20 22 26 27 | 27.0
Shields        | 4 5 6 7 9 10 12 13 15 16 17 18 20 25 27 | 27.0
Axes           | 3 4 5 6 7 9 10 12 13 14 16 17 18 19 20 25 27 | 27.0

Action                   |  1- 3 |  4- 6 |  7- 9 | 10-12 | 13-15 | 16-18 | 19-21 | 22-24 || total
-------------------------+-------+-------+-------+-------+-------+-------+-------+-------++-------
Melee: War axe           |    61 |   119 |   296 |   404 |   698 |  1617 |  1880 |   575 ||  5650
       Headbutt          |     5 |    14 |    42 |    93 |   309 |   351 |   599 |   198 ||  1611
       Morningstar       |       |       |       |       |   505 |    10 |       |       ||   515
Throw: Boomerang         |       |       |       |     3 |       |       |       |       ||     3
Evoke: Wand              |       |       |       |       |    12 |     9 |    35 |       ||    56
       Box of beasts     |       |       |       |       |       |     1 |       |       ||     1
  Use: Scroll            |     5 |     9 |    10 |     7 |    12 |    12 |     8 |     3 ||    66
       Potion            |       |     1 |     6 |     3 |     1 |     6 |     4 |     3 ||    24
 Stab: Invisible         |       |       |     1 |     2 |       |       |       |       ||     3
       Distracted        |       |       |       |       |       |       |     1 |       ||     1
Armor: Scale mail        |    33 |    50 |       |       |       |       |       |       ||    83
       Plate armour      |       |     6 |   157 |   227 |    71 |       |       |       ||   461
       Crystal plate arm |       |       |       |       |   554 |   572 |   951 |   291 ||  2368
Dodge: Dodged            |    39 |    35 |    71 |    80 |   130 |   223 |   273 |    47 ||   898
       Repelled          |       |       |       |     1 |     1 |    31 |    12 |     9 ||    54
Block: Buckler           |    19 |    58 |   230 |    68 |       |       |       |       ||   375
       Kite shield       |       |       |       |   344 |   466 |       |    31 |   860 ||  1701
       Tower shield      |       |       |       |       |  1157 |  2196 |  2413 |       ||  5766
